Map: Dreamcatcher LE

Players

JackO - Winner!

  • Race: Protoss Protoss
  • Spawn Location: 5:00

Future

  • Race: Terran Terran
  • Spawn Location: 11:00

Event: WCS Montreal 2018

VOD

Have the link to the VOD?

Description

Time

  • Played on: Sept. 7, 2018, 12:17 p.m.
  • Length: 12:20

All games in this series

Show
View Real Time Build Order
Export as new Build Order

JackO Protoss - Winner!

Build Orders: 1 Gate Expand, Colossus Rush 

Get SALT Encoding   

  12  0:00  Probe  
  13  0:12  Probe  
  14  0:18  Pylon  
  14  0:25  Probe  
  15  0:33  Probe  
  15  0:39  Gateway  
  15  0:41  Probe  
  16  0:47  Assimilator  
  17  0:52  Probe  
  18  1:04  Probe  
  19  1:16  Probe  
  20  1:25  Cybernetics Core  
  20  1:35  Nexus  
  20  1:42  Pylon  
  20  1:45  Probe  
  21  1:51  Assimilator  
  21  1:55  Adept  
  21  1:57  Probe  
  24  2:11  Probe  
  24  2:19  Warp Gate  
  24  2:21  Adept  
  26  2:23  Probe  
  27  2:35  Probe  
  28  2:40  Robotics Facility  
  28  2:47  Probe  
  28  2:50  Probe  
  30  2:57  Stalker  
  30  2:58  Probe  
  30  2:59  Probe  
  30  3:06  Probe  
  30  3:11  Probe  
  34  3:16  Probe  
  35  3:22  Gateway  
  35  3:23  Gateway, Probe  
  36  3:28  Probe  
  37  3:35  Probe, Observer  
  37  3:40  Probe  
  38  3:47  Shield Battery  
  38  3:48  Probe  
  39  3:50  Warp Prism  
  39  3:51  Pylon  
  39  3:52  Probe  
  39  3:53  Assimilator  
  39  3:54  Assimilator  
  40  4:00  Probe  
  43  4:04  Probe  
  44  4:12  Probe  
  44  4:16  Probe  
  46  4:20  Robotics Bay, Observer  
  46  4:23  Sentry  
  48  4:24  Probe  
  48  4:27  Pylon  
  48  4:28  Probe  
  51  4:33  Adept  
  51  4:36  Probe  
  54  4:39  Pylon  
  56  4:46  Observer  
  56  4:48  Probe  
  56  4:49  Adept x2  
  61  4:53  Colossus  
  61  4:55  Adept  
  61  4:57  Probe  
  61  4:59  Forge  
  68  5:14  Extended Thermal Lance  
  66  5:28  Stalker x2, Sentry  
  66  5:32  Nexus  
  66  5:33  Protoss Ground Weapons Level 1  
  66  5:42  Probe x2  
  68  5:47  Pylon  
  68  5:49  Colossus  
  68  5:53  Adept  
  68  5:56  Pylon  
  70  6:02  Observer  
  70  6:10  Probe  
  75  6:12  Stalker  
  75  6:16  Pylon  
  75  6:17  Pylon  
  77  6:19  Shield Battery  
  77  6:22  Pylon  
  77  6:29  Observer  
  77  6:33  Gateway x2  
  77  6:36  Gateway  
  77  6:42  Pylon  
  77  6:45  Stalker  
  77  6:46  Stalker  
  81  6:47  Sentry  
  83  7:07  Probe x3  
  83  7:08  Shield Battery  
  86  7:09  Stalker x2  
  86  7:10  Adept  
  92  7:28  Twilight Council  
  92  7:32  Protoss Ground Armor Level 1  
  86  7:42  Probe x2  
  84  7:48  Probe  
  84  7:49  Charge  
  84  7:51  Shield Battery  
  81  7:52  Shield Battery  
  81  7:53  Colossus  
  81  7:54  Probe  
  81  7:55  Probe  
  83  8:00  Sentry x2, Zealot x2  
  83  8:01  Stalker, Forge, Zealot  
  83  8:03  Pylon  
  83  8:04  Pylon  
  83  8:05  Pylon  
  101  8:11  Observer  
  101  8:13  Probe x2  
  101  8:14  Probe  
  104  8:25  Probe, Assimilator  
  105  8:27  Protoss Ground Weapons Level 2  
  105  8:29  Observer  
  105  8:30  Assimilator  
  105  8:35  Pylon, Shield Battery  
  105  8:39  Pylon, Stalker x2  
  105  8:41  Zealot  
  111  8:52  Stalker  
  111  8:53  Stalker x2  
  117  8:59  Probe x2  
  118  9:02  Probe  
  118  9:04  Protoss Ground Armor Level 2, Zealot x2  
  118  9:05  Zealot  
  124  9:11  Probe  
  124  9:15  Gateway  
  124  9:16  Gateway, Blink  
  121  9:27  Shield Battery  
  121  9:30  Photon Cannon  
  121  9:34  Templar Archives  
  121  9:38  Zealot x3  
  126  9:49  Zealot x3  
  132  9:57  Observer  
  132  9:58  Zealot  
  132  9:59  Zealot x2  
  138  10:01  Pylon  
  138  10:04  Pylon  
  136  10:10  Stalker x2  
  140  10:24  High Templar x3  
  140  10:25  High Templar, Zealot  
  140  10:26  Zealot  
  152  10:29  Archon  
  152  10:30  Warp Prism, Archon  
  152  10:36  Pylon  
  152  10:37  Pylon  
  152  10:38  Pylon  
  152  10:42  High Templar x2  
  158  10:46  Archon  
  158  10:49  Nexus  
  158  10:50  Pylon  
  158  10:52  Zealot x2  
  160  11:01  Zealot x4  
  166  11:24  Zealot x8  
  182  11:30  Nexus  
  182  11:33  Observer  
  177  12:02  Zealot x8  
Show
View Real Time Build Order
Export as new Build Order

Future Terran 

Build Orders: Reaper Expand, Bio Tank 

Get SALT Encoding   

  12  0:00  SCV  
  13  0:12  SCV  
  14  0:17  Supply Depot  
  14  0:25  SCV  
  15  0:39  SCV  
  15  0:40  Barracks  
  16  0:44  Refinery  
  16  0:51  SCV  
  17  1:03  SCV  
  18  1:15  SCV  
  19  1:28  Reaper, Orbital Command  
  20  1:43  Command Center  
  20  1:54  Barracks  
  20  1:58  SCV  
  21  2:02  Barracks Reactor  
  21  2:10  SCV  
  22  2:17  Supply Depot  
  22  2:18  Refinery  
  22  2:23  SCV  
  23  2:31  Factory  
  23  2:39  SCV, Marine x2  
  26  2:44  Barracks Tech Lab  
  26  2:53  SCV  
  26  3:02  Orbital Command  
  26  3:03  Marine  
  26  3:06  Marine  
  26  3:12  Stimpack  
  27  3:15  SCV  
  29  3:20  Widow Mine  
  29  3:27  SCV  
  29  3:31  SCV  
  29  3:34  Marine x2  
  31  3:36  Marine  
  31  3:39  SCV  
  34  3:43  SCV  
  34  3:46  Starport, Factory Reactor  
  35  3:51  SCV  
  35  3:54  Marine x2  
  38  3:55  SCV, Marine  
  38  4:01  Supply Depot  
  40  4:03  SCV  
  40  4:08  SCV  
  42  4:13  Marine x3  
  42  4:15  SCV  
  42  4:16  Engineering Bay  
  46  4:23  SCV  
  47  4:28  SCV, Supply Depot  
  47  4:30  Medivac  
  50  4:31  Medivac  
  50  4:36  Supply Depot  
  52  4:38  Marine  
  52  4:39  Marine  
  54  4:48  Factory Tech Lab, Terran Infantry Weapons Level 1  
  54  4:50  SCV x2  
  54  4:51  Marine  
  54  4:52  Refinery  
  57  4:59  Marine x2, Supply Depot  
  59  5:02  SCV x2  
  61  5:08  Marine  
  62  5:17  Marine  
  62  5:18  Siege Tank  
  62  5:19  Barracks  
  64  5:25  Combat Shields  
  64  5:26  SCV  
  62  5:32  Marine x2  
  62  5:34  SCV  
  65  5:41  Marine  
  66  5:43  Supply Depot  
  66  5:46  SCV  
  66  5:48  SCV  
  68  5:50  Marine x2  
  68  5:55  Siege Tank  
  73  5:58  SCV  
  73  5:59  Marine  
  73  6:00  Medivac, SCV  
  78  6:08  Marine x2  
  78  6:09  Marauder, Marine  
  78  6:10  SCV  
  75  6:12  SCV  
  76  6:20  Supply Depot  
  76  6:24  Supply Depot  
  76  6:26  Marine  
  76  6:27  Siege Tank  
  76  6:32  Marine x4  
  81  6:33  Starport Reactor  
  81  6:36  SCV  
  85  6:42  SCV, Terran Infantry Armor Level 1  
  85  6:45  Marine  
  87  6:48  SCV  
  87  6:50  Marine x3  
  87  6:51  Marauder  
  87  6:52  Supply Depot  
  93  6:55  Supply Depot  
  89  7:02  Marine  
  89  7:07  Liberator  
  89  7:10  Marine x2  
  89  7:11  Marine  
  91  7:16  Marauder, Barracks  
  91  7:17  Barracks  
  91  7:20  Marine  
  92  7:23  Siege Tank  
  92  7:28  Marine  
  88  7:41  Marauder, Marine x2  
  78  7:49  Marine x2  
  69  7:53  Command Center  
  69  7:55  SCV x2  
  68  7:59  Marine  
  68  8:01  Refinery  
  68  8:03  Barracks Tech Lab  
  68  8:04  Barracks Tech Lab  
  69  8:06  Marauder, Marine  
  69  8:07  Marine x2  
  74  8:13  Medivac x2  
  74  8:14  SCV  
  74  8:16  SCV  
  80  8:24  Marauder  
  80  8:25  Marauder  
  84  8:27  Marauder, SCV  
  84  8:28  SCV  
  84  8:31  Marine x2  
  84  8:32  Marine  
  84  8:33  Marine  
  92  8:39  SCV  
  92  8:40  SCV  
  94  8:44  Factory  
  94  8:48  Siege Tank  
  96  8:51  SCV  
  96  8:52  SCV  
  96  8:54  Armory  
  98  8:58  Medivac  
  98  9:02  Medivac  
  102  9:03  SCV  
  102  9:04  SCV  
  102  9:06  Orbital Command  
  104  9:12  Refinery  
  104  9:15  SCV  
  104  9:16  SCV  
  110  9:17  Marine  
  109  9:24  Refinery  
  109  9:25  Siege Tank  
  109  9:28  Medivac, SCV x2  
  112  9:32  Medivac  
  112  9:35  SCV, Supply Depot x2  
  112  9:37  Factory Tech Lab  
  114  9:47  SCV  
  114  9:48  SCV  
  114  9:51  Supply Depot  
  116  9:53  Supply Depot  
  116  9:56  Marauder x3, Marine x3  
  116  9:57  Siege Tank, Marine  
  129  10:01  Liberator, Supply Depot x2  
  129  10:02  Terran Infantry Weapons Level 2  
  129  10:06  Siege Tank  
  132  10:20  Marine x4  
  141  10:21  Marauder, Liberator  
  141  10:22  Marauder  
  141  10:27  Marine  
  144  10:29  Siege Tank  
  147  10:37  Marine  
  147  10:38  Marine x3  
  147  10:42  Marine  
  155  10:43  Marine  
  155  10:44  Marine, Supply Depot x2  
  155  10:47  Siege Tank  
  159  10:51  Liberator  
  159  10:53  Supply Depot x2  
  158  11:01  Siege Tank  
  160  11:04  Liberator  
  160  11:10  Marine  
  160  11:11  Marine x6  
  170  11:19  Siege Tank  
  160  11:28  Marine  
  161  11:33  Siege Tank  
  161  11:37  Marine  
  161  11:38  Marine x3  
  168  11:42  Marine x2  
  168  11:46  Command Center, Marine  
Tags
 
Add a new tag
Caveats
  • Supply blocks, unpowered buildings, or Contaminate may cause inaccurate times.
  • Supply counts are checked every 10 seconds.